Map: Winter's Gate LE

Players

MarineLorD

  • Race: Terran Terran
  • League: Master
  • Spawn Location: 5:00

liquidthermy (uThermal) - Winner!

  • Race: Terran Terran
  • Spawn Location: 11:00

Event: HomeStory Cup XX

VOD

Have the link to the VOD?

Description

Time

  • Played on: Nov. 22, 2019, 12:19 p.m.
  • Length: 13:38

All games in this series

Show
View Real Time Build Order
Export as new Build Order

MarineLorD Terran 

Build Orders: Gas First Reaper Expand, Mech 

Get SALT Encoding   

  12  0:00  SCV  
  13  0:12  SCV  
  14  0:17  Supply Depot  
  14  0:24  SCV  
  14  0:28  Refinery  
  15  0:39  SCV  
  16  0:44  Barracks  
  16  0:51  SCV  
  17  1:03  SCV  
  18  1:15  SCV  
  19  1:30  Orbital Command  
  19  1:31  Reaper  
  20  1:44  Command Center  
  20  1:56  SCV  
  20  2:00  Factory  
  21  2:06  Supply Depot  
  21  2:09  Barracks Reactor  
  21  2:12  SCV  
  22  2:22  Refinery  
  22  2:24  SCV  
  23  2:37  SCV  
  24  2:45  Widow Mine  
  24  2:46  Marine x2  
  24  2:49  Starport, SCV  
  29  2:55  Orbital Command  
  29  3:01  SCV  
  29  3:03  Marine  
  29  3:04  Marine  
  32  3:12  Factory Tech Lab  
  32  3:13  SCV  
  32  3:16  Refinery  
  33  3:21  Marine x2, SCV  
  33  3:26  Starport Tech Lab  
  36  3:27  SCV  
  36  3:32  Cyclone  
  36  3:33  SCV  
  41  3:37  Supply Depot  
  41  3:39  SCV  
  42  3:45  SCV  
  43  3:49  Supply Depot, Raven  
  43  3:53  Marine  
  46  3:58  Marine, SCV x2  
  49  4:04  Siege Tank  
  52  4:10  Supply Depot  
  52  4:11  SCV  
  52  4:12  SCV  
  52  4:16  Supply Depot  
  54  4:19  Marine  
  54  4:21  Marine  
  54  4:23  SCV  
  57  4:24  SCV  
  57  4:32  Raven  
  57  4:35  SCV  
  57  4:36  SCV  
  54  4:47  SCV  
  54  4:48  SCV  
  56  4:53  Marine x2  
  56  4:59  SCV  
  59  5:00  SCV  
  60  5:11  SCV  
  60  5:12  SCV  
  54  5:23  Command Center, SCV  
  54  5:25  SCV  
  56  5:33  Siege Tank  
  60  5:35  SCV  
  60  5:37  SCV  
  60  5:41  Refinery  
  60  5:42  Supply Depot x2  
  61  5:44  Viking x2  
  61  5:47  SCV  
  61  5:49  Marine, SCV  
  68  5:59  SCV  
  68  6:00  Armory  
  68  6:01  SCV  
  68  6:02  Armory  
  70  6:06  Siege Tank  
  73  6:12  SCV  
  73  6:13  SCV  
  73  6:14  Viking  
  77  6:25  Command Center  
  77  6:28  SCV x2  
  77  6:31  Marine  
  80  6:35  Viking  
  80  6:38  Siege Tank  
  85  6:40  Orbital Command  
  85  6:47  Viking  
  85  6:48  SCV  
  85  6:49  SCV  
  89  7:00  SCV  
  91  7:01  SCV  
  91  7:05  Viking, Orbital Command  
  93  7:09  Refinery  
  93  7:10  Refinery  
  93  7:12  SCV  
  93  7:15  SCV  
  95  7:16  Terran Vehicle Weapons Level 1  
  95  7:17  Viking  
  95  7:19  Terran Vehicle And Ship Armor Level 1  
  97  7:24  SCV  
  97  7:27  SCV  
  99  7:30  SCV  
  99  7:35  Viking  
  99  7:36  SCV  
  103  7:37  Supply Depot  
  103  7:39  SCV  
  103  7:42  SCV  
  105  7:45  Siege Tank  
  105  7:48  SCV  
  105  7:50  Factory  
  109  7:52  Factory, SCV  
  109  7:54  SCV, Barracks Reactor  
  110  8:01  Engineering Bay  
  110  8:02  Supply Depot  
  110  8:04  Orbital Command  
  110  8:05  SCV  
  111  8:07  SCV  
  111  8:08  Supply Depot, SCV  
  113  8:16  Viking  
  113  8:17  SCV, Cyclone  
  113  8:19  Viking  
  121  8:21  SCV x2  
  123  8:29  SCV  
  123  8:33  SCV  
  123  8:34  Refinery, Sensor Tower, Missile Turret  
  125  8:35  SCV x2  
  125  8:36  Refinery  
  126  8:41  Mag-Field Accelerator  
  126  8:43  Cyclone  
  126  8:47  SCV x2  
  130  8:50  SCV  
  130  8:52  Viking x2  
  135  8:56  SCV  
  135  8:59  SCV x2  
  135  9:01  Hellion x2, Cyclone  
  145  9:05  Factory x2  
  145  9:12  Supply Depot x2  
  145  9:13  SCV x3  
  145  9:14  Supply Depot  
  145  9:15  Supply Depot  
  148  9:17  Terran Ship Weapons Level 1  
  148  9:18  Terran Vehicle And Ship Armor Level 2  
  148  9:20  SCV  
  147  9:25  SCV x2  
  147  9:33  Cyclone  
  147  9:34  Hellion x2, Siege Tank  
  156  9:51  SCV  
  156  9:52  SCV  
  146  9:54  SCV  
  146  9:59  Viking x2  
  140  10:03  Factory Tech Lab, Factory Reactor  
  140  10:05  Siege Tank  
  140  10:06  Siege Tank, Missile Turret  
  137  10:08  Missile Turret  
  137  10:10  Command Center  
  137  10:11  Hellion  
  137  10:12  Hellion, Command Center  
  139  10:14  SCV  
  139  10:15  SCV x3  
  134  10:27  Siege Tank, SCV x4  
  122  10:29  Viking x2  
  122  10:37  Siege Tank  
  122  10:39  Command Center, SCV x3  
  121  10:51  SCV x3  
  121  10:53  Siege Tank  
  121  10:56  Hellion x4  
  135  10:59  Siege Tank  
  135  11:02  Viking x2  
  135  11:03  SCV x2  
  141  11:13  Siege Tank  
  141  11:17  SCV x2  
  143  11:20  Orbital Command  
  143  11:30  Hellion x3, Cyclone  
  143  11:32  Viking x2  
  150  11:41  Sensor Tower  
  150  11:44  Cyclone  
  150  11:45  Hellion x2  
  152  11:49  SCV  
  152  11:50  SCV x3  
  139  12:02  SCV x4  
  139  12:04  Viking  
  139  12:05  Viking  
  139  12:07  Missile Turret  
  139  12:08  Missile Turret x2  
  147  12:14  SCV x2  
  136  12:31  Cyclone  
  136  12:34  Viking  
  136  12:35  Viking  
  140  12:38  Orbital Command  
  140  12:55  Refinery, Orbital Command  
  140  13:02  Siege Tank x2  
  140  13:03  Hellion x4, Siege Tank  
  154  13:09  Orbital Command  
  157  13:22  SCV x3  
  157  13:23  SCV  
Show
View Real Time Build Order
Export as new Build Order

liquidthermy Terran - Winner!

Build Orders: Gas First Reaper Expand, Liberator Opening, Mech 

Get SALT Encoding   

  12  0:01  SCV  
  13  0:13  SCV  
  14  0:18  Supply Depot  
  14  0:25  SCV  
  14  0:27  Refinery  
  15  0:40  SCV  
  16  0:44  Barracks  
  16  0:52  SCV  
  18  1:04  SCV  
  18  1:16  SCV  
  19  1:30  Reaper  
  19  1:31  Orbital Command  
  20  1:45  Command Center  
  20  1:57  SCV  
  20  2:00  Factory  
  21  2:05  Barracks Reactor  
  21  2:09  SCV  
  21  2:14  Supply Depot  
  22  2:21  SCV  
  23  2:32  Refinery  
  23  2:36  SCV  
  24  2:45  Starport  
  24  2:48  SCV  
  24  2:50  Hellion x2  
  29  3:00  SCV  
  29  3:04  Liberator, Orbital Command  
  30  3:11  Hellion  
  30  3:12  Hellion, SCV  
  35  3:24  SCV  
  35  3:25  Supply Depot  
  39  3:33  Hellion  
  41  3:35  Hellion  
  41  3:38  SCV x2  
  45  3:50  SCV x2  
  45  3:54  Hellion, Barracks Tech Lab  
  49  3:56  Hellion  
  49  3:57  Refinery  
  49  3:58  Supply Depot  
  49  4:02  SCV  
  52  4:05  SCV  
  53  4:14  Supply Depot, SCV  
  54  4:19  Raven  
  54  4:20  SCV  
  54  4:22  Marine x2  
  54  4:23  Factory Tech Lab  
  59  4:26  SCV  
  60  4:32  SCV  
  61  4:42  SCV  
  61  4:43  Marine x2  
  58  4:50  Command Center, SCV  
  58  4:51  Supply Depot  
  57  4:53  Siege Tank  
  57  4:59  SCV  
  61  5:01  Marine x2  
  61  5:02  Raven  
  60  5:17  Supply Depot, SCV x2  
  60  5:18  Refinery, Marine  
  60  5:19  Marine  
  60  5:25  Siege Tank  
  63  5:29  SCV  
  63  5:33  SCV  
  63  5:35  Engineering Bay  
  65  5:41  SCV  
  66  5:47  SCV  
  67  5:51  Viking x2  
  67  5:53  SCV  
  72  5:58  Siege Tank  
  72  5:59  SCV  
  76  6:06  SCV  
  76  6:09  Missile Turret  
  76  6:10  Missile Turret  
  77  6:11  SCV  
  77  6:18  SCV  
  79  6:21  Viking x2  
  79  6:22  Refinery  
  79  6:23  Armory x2  
  79  6:24  Orbital Command, SCV  
  84  6:27  Refinery  
  84  6:30  SCV  
  84  6:31  Siege Tank  
  88  6:36  SCV  
  89  6:42  SCV  
  89  6:44  Supply Depot  
  90  6:48  SCV  
  90  6:51  Viking x2, SCV  
  96  6:54  SCV  
  96  6:55  Supply Depot  
  96  7:00  SCV  
  98  7:03  Siege Tank  
  98  7:05  SCV  
  98  7:06  SCV  
  98  7:07  Supply Depot x2  
  103  7:12  SCV  
  100  7:17  SCV  
  100  7:20  Factory  
  100  7:21  Factory, Terran Vehicle And Ship Armor Level 1, Terran Vehicle Weapons Level 1  
  100  7:22  Barracks Reactor  
  100  7:25  SCV  
  100  7:26  Viking  
  103  7:31  Viking  
  103  7:33  SCV  
  103  7:35  Supply Depot, SCV  
  107  7:38  Siege Tank  
  107  7:39  SCV  
  111  7:45  SCV  
  111  7:50  SCV  
  113  7:52  Command Center  
  113  7:56  Viking  
  113  7:57  SCV  
  115  8:01  Viking  
  115  8:05  SCV  
  118  8:06  Sensor Tower  
  118  8:08  Siege Tank  
  118  8:12  Siege Tank  
  124  8:14  Hellion  
  124  8:17  Hellion  
  128  8:21  Supply Depot  
  128  8:26  Viking  
  130  8:31  Viking  
  132  8:37  Supply Depot  
  132  8:40  Siege Tank  
  135  8:47  Hellion x2, Siege Tank  
  142  8:48  Command Center  
  142  8:51  Supply Depot  
  142  8:56  Viking  
  142  9:01  Viking  
  145  9:05  SCV x3  
  145  9:09  Hellion  
  150  9:12  Hellion, Siege Tank  
  155  9:17  Terran Vehicle And Ship Armor Level 2, SCV x2, Terran Vehicle Weapons Level 2  
  157  9:26  Viking, SCV  
  157  9:27  Refinery  
  157  9:31  Refinery, Viking, SCV  
  160  9:37  Siege Tank  
  160  9:38  Hellion, SCV  
  168  9:39  SCV  
  168  9:43  SCV  
  168  9:45  SCV  
  169  9:50  Hellion, Siege Tank, SCV  
  169  9:51  SCV  
  159  9:56  Viking  
  159  9:57  SCV  
  159  9:58  Factory  
  159  9:59  Hellion, Factory  
  153  10:01  Viking  
  153  10:05  Orbital Command  
  155  10:08  Orbital Command  
  155  10:09  SCV  
  155  10:10  Hellion  
  155  10:13  Hellion, SCV  
  161  10:16  SCV  
  160  10:21  Liberator x2  
  160  10:23  Siege Tank  
  160  10:24  Hellion  
  165  10:31  Hellion  
  165  10:32  Supply Depot, SCV  
  170  10:38  Hellion  
  170  10:40  Mag-Field Accelerator  
  174  10:44  SCV  
  174  10:45  SCV  
  170  10:52  Siege Tank  
  170  10:53  Hellion  
  170  10:54  SCV  
  170  10:56  Siege Tank  
  177  11:01  SCV  
  177  11:03  Hellion  
  173  11:04  Factory Tech Lab  
  173  11:10  SCV  
  173  11:11  Command Center  
  163  11:12  Factory Reactor  
  163  11:13  SCV  
  163  11:14  Command Center  
  158  11:19  Smart Servos  
  158  11:20  SCV  
  158  11:21  Viking x2, SCV  
  158  11:23  Siege Tank  
  158  11:24  Hellion, Siege Tank, SCV  
  172  11:28  Siege Tank  
  174  11:35  Sensor Tower  
  174  11:36  Sensor Tower  
  174  11:39  Command Center  
  174  11:44  Hellion  
  176  11:48  SCV  
  176  11:51  Viking x2  
  176  11:53  Missile Turret  
  176  11:54  Hellion x2  
  185  11:55  Cyclone  
  185  11:58  Hellion  
  185  11:59  Starport  
  185  12:00  Starport, Cyclone  
  184  12:08  Hellion  
  186  12:12  Supply Depot  
  186  12:13  Hellion  
  186  12:15  Hellion  
  190  12:16  Hellion  
  190  12:21  Viking  
  194  12:23  SCV  
  194  12:25  Hellion  
  194  12:27  Viking  
  199  12:33  Siege Tank  
  200  12:37  Hellion  
  200  13:01  Orbital Command x2  
  200  13:13  Refinery  
  200  13:14  Refinery  
  197  13:21  Command Center  
  197  13:23  Command Center  
Tags
 
Add a new tag
Caveats
  • Supply blocks, unpowered buildings, or Contaminate may cause inaccurate times.
  • Supply counts are checked every 10 seconds.